 Dungeon Crawl Stone Soup version 0.29-a0-243-g602b31c20e (webtiles) character file.

Game seed: 13938149558913388769

52477 PaleWalker the Brawler (level 14, -10/144 HPs)
             Began as a Troll Cinder Acolyte on Mar 4, 2022.
             Was a Follower of Jiyva.
             Mangled by an eight-headed hydra (14 damage)
             ... called by a spriggan druid
             ... on level 4 of the Lair of Beasts.
             The game lasted 01:16:22 (16979 turns).

PaleWalker the Brawler (Troll Cinder Acolyte)      Turns: 16979, Time: 01:16:23

Health: -10/144    AC:  9    Str: 29    XL:     14   Next: 27%
Magic:  14/14      EV: 11    Int: 10    God:    Jiyva [*.....]
Gold:   673        SH:  0    Dex: 11    Spells: 8/15 levels left

rFire   . . .      SeeInvis .     - Unarmed
rCold   + . .      Faith    .   (no shield)
rNeg    . . .      Spirit   .   I - +2 troll leather armour
rPois   +          Reflect  .   a - +1 hat
rElec   .          Harm     .   o - scarf {rC+ rF+}
rCorr   .          Rampage  .   (gloves unavailable)
Will    +....                   (boots unavailable)
Stlth   +.........              A - amulet of regeneration
HPRegen 3.54/turn               j - +6 ring of dexterity
MPRegen 0.39/turn               J - ring of poison resistance

@: confused, ambrosia-drunk, unable to read, fire susceptible
A: large, unfitting armour, claws 3, regeneration 1, shaggy fur 1, tough skin 1,
wild magic 2, inability to read while threatened
a: Renounce Religion


You were on level 4 of the Lair of Beasts.
You worshipped Jiyva.
Jiyva was aware of your devotion.
You visited 6 branches of the dungeon, and saw 24 of its levels.

You collected 1518 gold pieces.
You spent 845 gold pieces at shops.

Inventory:

Missiles
 M - 2 throwing nets (quivered)
Armour
 a - a +1 hat (worn)
 o - a scarf of resistance (worn)
 I - a +2 troll leather armour (worn)
 O - a scarf of shadows
Jewellery
 i - a ring of ice
 j - a +6 ring of dexterity (left claw)
 r - a ring of magical power
 v - a ring of see invisible
 w - a ring of fire
 A - an amulet of regeneration (around neck)
 J - a ring of poison resistance (right claw)
 K - a ring of magical power
 P - a ring of positive energy
Wands
 b - a wand of charming (15)
 n - a wand of flame (3)
 y - a wand of mindburst (10)
 D - a wand of paralysis (14)
 H - a wand of iceblast (9)
Scrolls
 g - 3 scrolls of vulnerability
 h - a scroll of acquirement {unknown}
 m - a scroll of fear {unknown}
 p - 4 scrolls of fog
 s - a scroll of teleportation
 u - 2 scrolls of enchant weapon
 x - a scroll of magic mapping
 E - a scroll of amnesia
 F - a scroll of blinking
 L - a scroll of enchant armour {unknown}
Potions
 c - a potion of attraction
 d - 5 potions of curing
 e - 7 potions of brilliance
 k - 2 potions of cancellation
 l - 4 potions of resistance
 t - a potion of degeneration
 z - a potion of flight {unknown}
 B - 2 potions of haste
Miscellaneous
 G - a phantom mirror (inert)


   Skills:
 + Level 10.3 Fighting
 - Level 4.8 Dodging
 + Level 17.5 Unarmed Combat
 - Level 1.0 Spellcasting
 * Level 7.3 Transmutations
 - Level 2.1 Fire Magic
 - Level 6.5 Evocations


You had 8 spell levels left.
You knew the following spells:

 Your Spells              Type           Power      Damage    Failure   Level
b - Wereblood             Tmut           24%        N/A       8%          2
c - Blade Hands           Tmut           12%        N/A       63%         5

Your spell library contained the following spells:

 Spells                   Type           Power      Damage    Failure   Level
 Passwall                 Tmut/Erth      10%        N/A       26%         2
 Foxfire                  Conj/Fire      16%        2x1d4     41%         1
 Scorch                   Fire           14%        2d5       41%         2
 Ignite Poison            Fire/Tmut/Pois 10%        N/A       47%         3
 Apportation              Tloc           0%         N/A       54%         1
 Sandblast                Erth           0%         2d4       54%         1
 Sublimation of Blood     Necr           0%         N/A       67%         2
 Conjure Flame            Conj/Fire      4%         6-21      75%         3
 Inner Flame              Hex/Fire       4%         N/A       75%         3
 Petrify                  Tmut/Erth      12%        N/A       78%         4
 Call Canine Familiar     Summ           0%         N/A       87%         3
 Portal Projectile        Hex/Tloc       0%         N/A       87%         3
 Stone Arrow              Conj/Erth      0%         3d7       87%         3
 Flame Wave               Conj/Fire      4%         2d5       98%         4
 Sticky Flame             Conj/Fire      4%         2d3       98%         4
 Alistair's Intoxication  Tmut/Pois      8%         N/A       98%         5
 Irradiate                Conj/Tmut      6%         3d15      98%         5
 Animate Armour           Summ/Erth      0%         N/A       99%         4
 Leda's Liquefaction      Hex/Erth       0%         N/A       99%         4
 Excruciating Wounds      Necr           0%         N/A       100%        5
 Summon Hydra             Summ           0%         N/A       100%        7
 Lehudib's Crystal Spear  Conj/Erth      0%         10d2      100%        8


Dungeon Overview and Level Annotations

Branches:
Dungeon (9/15)             Temple (1/1) D:7            Lair (6/6) D:8
  Swamp (1/4) Lair:4       Spider (0/4) Lair:2        Slime (5/5) Lair:5
    Orc (2/2) D:9             Elf (0/3) Orc:2

Altars:
Qazlal
Ru
Xom
Yredelemnul
Beogh
Jiyva

Shops:
D:6 *   Orc:2 **[[(

Annotations:
D:7 2 transporters, spaghetti's ghost, novice DsBe
Lair:2 exclusion: 2 electric eels
Slime:5 Royal Jelly
Orc:1 exclusion: oklob plant


Innate Abilities, Weirdness & Mutations

You are too large for most types of armour.
You have claws for hands.
Your natural rate of healing is unusually fast.
You are covered in fur. (AC +1)
You have tough skin. (AC +1)
Your spells are harder to cast, but more powerful.
You sometimes lose the ability to read scrolls when taking damage.


Message History

The eight-headed hydra barely misses you.
The eight-headed hydra closely misses you.
The eight-headed hydra barely misses you.
The eight-headed hydra completely misses you.
The eight-headed hydra bites you!
The eight-headed hydra closely misses you.
The eight-headed hydra bites you but does no damage.
The eight-headed hydra bites you. The tyrant leech bites you!!
You feel threatened and lose the ability to read scrolls!
* * * LOW HITPOINT WARNING * * *
The tyrant leech draws strength from your injuries!
The tyrant leech bites you but does no damage.
You hear a slurping noise.
The tyrant leech completely misses you. The eight-headed hydra bites you.
* * * LOW HITPOINT WARNING * * *
The eight-headed hydra bites you but does no damage.
The eight-headed hydra bites you.
* * * LOW HITPOINT WARNING * * *
The eight-headed hydra bites you but does no damage.
The eight-headed hydra bites you!
* * * LOW HITPOINT WARNING * * *
The eight-headed hydra bites you.
* * * LOW HITPOINT WARNING * * *
The eight-headed hydra bites you.
* * * LOW HITPOINT WARNING * * *
The eight-headed hydra bites you.
* * * LOW HITPOINT WARNING * * *
You hear a slurping noise.
You cannot read scrolls in your current state!
Okay, then.
You are confused.
You feel invigorated. The eight-headed hydra bites you!
* * * LOW HITPOINT WARNING * * *
The eight-headed hydra bites you.
* * * LOW HITPOINT WARNING * * *
The eight-headed hydra bites you.
* * * LOW HITPOINT WARNING * * *
The eight-headed hydra bites you but does no damage.
The eight-headed hydra bites you!
You die...

..........♣♣....#
#........§♣§≈.≈##
#........≈§§♣≈.#
........♣≈J§§≈≈#
........≈≈≈§§§≈##
........≈≈§§§≈≈≈#
........≈§§§§§w.#
........♣§≈≈≈≈.###
.........♣≈≈§♣wD@#
........#.≈≈♣♣..###
.......###♣♣♣.....##
.....###
#........#### ....##
#...........## .#.##
##.........#.## ####
###..........# #
#..<.......####
#.............#


You could see an eight-headed hydra, a tyrant leech and a neutral jelly
(wandering)(fellow slime).

Vanquished Creatures
  An orc warlord (Orc:1)
  Nessos (Orc:2)
  A boulder beetle (Lair:5)
  5 hydras
  2 catoblepae (Lair:2)
  A two-headed ogre (D:9)
  Erica (D:8)
  An alligator (Lair:4)
  A dancing weapon (Lair:1)
  The ghost of sdfasdf239h the Slinger, a novice MiHu of Fedhas (Lair:1)
  7 death yaks
  2 orc high priests (Orc:2)
  A goliath frog (Lair:4)
  A spriggan druid (Lair:4)
  A bog body (Swamp:1)
  2 orc knights (Orc:2)
  An orc sorcerer (Orc:1)
  Maurice (Orc:2)
  An ugly thing (D:7)
  12 elephants
  9 cane toads
  5 black mambas
  7 komodo dragons
  6 rime drakes
  4 trolls (Orc:1)
  5 polar bears
  The ghost of hoogis the Shooter, a novice SpAM of Kikubaaqudgha (D:5)
  Prince Ribbit (D:4)
  A hornet (D:9)
  12 blink frogs
  2 culicivoras (Lair:2)
  Sigmund (D:5)
  A wraith (D:7)
  5 wyverns
  33 yaks
  6 basilisks
  Grum (Lair:1)
  5 fire elementals
  Eustachio (D:4)
  5 redbacks (Lair:2)
  3 steam dragons
  Edmund (D:4)
  2 wargs (Orc:1)
  Duvessa (D:6)
  12 water moccasins
  28 orc warriors
  2 black bears
  An ice beast (D:8)
  4 ogres
  A centaur (D:5)
  7 wolves
  A kobold brigand (D:6)
  9 bullfrogs
  2 necrophages
  2 scorpions
  Dowan (D:6)
  8 wights
  9 killer bees
  5 howler monkeys
  2 electric eels
  17 orc priests
  2 hounds
  3 jellies
  Crazy Yiuf (D:3)
  A gnoll shaman (D:4)
  3 iguanas
  18 orc wizards
  4 hell rats (Lair:3)
  Ijyb (D:4)
  8 adders
  6 gnolls
  A shadow imp (D:8)
  An ufetubus (D:6)
  4 worms
  A dart slug (D:4)
  60 orcs
  4 ball pythons
  10 endoplasms
  3 giant cockroaches (D:3)
  9 goblins
  7 hobgoblins
  A quokka (D:2)
  6 bats
  2 frilled lizards
  10 kobolds
  6 rats
445 creatures vanquished.

Vanquished Creatures (collateral kills)
  A hydra (Lair:5)
  A tyrant leech (Lair:4)
2 creatures vanquished.

Vanquished Creatures (others)
  3 jellies
  28 foxfires
  39 fungi
  119 plants
189 creatures vanquished.

Grand Total: 636 creatures vanquished

Notes
Turn   | Place    | Note
-------+----------+-------------------------------------------
     0 | D:1      | PaleWalker the Troll Cinder Acolyte began the quest for the
                  | Orb.
     0 | D:1      | Reached XP level 1. HP: 22/22 MP: 1/1
   292 | D:1      | Learned a level 1 spell: Foxfire
   312 | D:1      | Reached XP level 2. HP: 28/29 MP: 2/2
   715 | D:2      | Reached XP level 3. HP: 26/36 MP: 3/3
   784 | D:2      | Reached skill level 4 in Unarmed Combat
   820 | D:2      | Identified the +6 dagger of the Lonely Moons {holy, rC+
                  | Int+4 Dex+4}
  1162 | D:2      | Reached XP level 4. HP: 34/45 MP: 4/4
  1862 | D:3      | Found a runed translucent door.
  1863 | D:3      | Noticed Crazy Yiuf
  1873 | D:3      | Killed Crazy Yiuf
  1968 | D:3      | Learned a level 2 spell: Wereblood
  1987 | D:3      | Found a faded altar of an unknown god.
  2109 | D:3      | Reached skill level 5 in Unarmed Combat
  2109 | D:3      | Reached XP level 5. HP: 26/53 MP: 5/5
  2552 | D:4      | Noticed Ijyb
  2560 | D:4      | Killed Ijyb
  3001 | D:4      | Reached XP level 6. HP: 28/62 MP: 6/6
  3133 | D:4      | Reached skill level 6 in Unarmed Combat
  3380 | D:5      | Entered Level 5 of the Dungeon
  3505 | D:5      | Noticed a water moccasin
  3506 | D:5      | Noticed Eustachio
  3514 | D:4      | Killed a water moccasin
  3577 | D:5      | Noticed Sigmund
  3577 | D:5      | Noticed Edmund
  3619 | D:4      | Killed Edmund
  3620 | D:4      | Reached skill level 7 in Unarmed Combat
  3620 | D:4      | Reached XP level 7. HP: 62/71 MP: 7/7
  3751 | D:5      | Killed Sigmund
  3894 | D:5      | Reached skill level 8 in Unarmed Combat
  3907 | D:5      | Reached skill level 5 in Fighting
  3934 | D:4      | Reached XP level 8. HP: 78/80 MP: 8/8
  3972 | D:5      | Noticed Prince Ribbit
  4005 | D:4      | Killed Prince Ribbit
  4097 | D:4      | Killed Eustachio
  4098 | D:4      | Reached skill level 9 in Unarmed Combat
  4412 | D:5      | Found a large runed translucent door.
  4413 | D:5      | Found a large runed translucent door.
  4416 | D:5      | Noticed hoogis's ghost (novice SpAM)
  4424 | D:5      | Killed hoogis's ghost
  4425 | D:5      | Reached skill level 10 in Unarmed Combat
  4425 | D:5      | Reached XP level 9. HP: 89/89 MP: 9/9
  4720 | D:6      | Noticed Dowan
  4721 | D:6      | Noticed Duvessa
  4739 | D:6      | Killed Dowan
  4749 | D:6      | Killed Duvessa
  5276 | D:6      | Reached skill level 11 in Unarmed Combat
  5297 | D:6      | Found Diufucev's General Store.
  5536 | D:7      | Found a staircase to the Ecumenical Temple.
  5555 | Temple   | Entered the Ecumenical Temple
  5834 | D:7      | Found a transporter.
  5835 | D:7      | Noticed spaghetti's ghost (novice DsBe)
  5836 | D:7      | Noticed a moth of wrath
  5836 | D:7      | Noticed a catoblepas
  6054 | D:7      | Found a transporter.
  6087 | D:7      | Reached skill level 1 in Dodging
  6233 | D:8      | Noticed Erica
  6308 | D:8      | Reached skill level 12 in Unarmed Combat
  6438 | D:8      | Reached XP level 10. HP: 63/102 MP: 10/10
  6515 | D:8      | Noticed an elephant
  7032 | D:8      | Noticed a cyan ugly thing
  7042 | D:7      | Killed a cyan ugly thing
  7178 | D:8      | Killed an elephant
  7186 | D:8      | Reached skill level 13 in Unarmed Combat
  7235 | D:8      | Killed Erica
  7236 | D:8      | Found a staircase to the Lair.
  7564 | D:9      | Found a sacrificial altar of Ru.
  7565 | D:9      | Found a stormy altar of Qazlal.
  7766 | D:9      | Found a staircase to the Orcish Mines.
  7770 | D:9      | Paralysed by a hornet for 2 turns
  8216 | D:9      | Noticed a two-headed ogre
  8354 | D:9      | Killed a two-headed ogre
  8355 | D:9      | Reached skill level 14 in Unarmed Combat
  8355 | D:9      | Reached XP level 11. HP: 109/109 MP: 11/11
  8547 | Orc:1    | Entered Level 1 of the Orcish Mines
  8725 | Orc:1    | Reached skill level 1 in Transmutations
  8831 | Orc:2    | Entered Level 2 of the Orcish Mines
  8837 | Orc:2    | Found a staircase to the Elven Halls.
  8874 | Orc:2    | Found Yclalin's Overcharged Wands.
  8909 | Orc:1    | Gained mutation: You have large cloven feet. [potion of
                  | mutation]
  8909 | Orc:1    | Gained mutation: You tend to lose your temper in combat.
                  | [potion of mutation]
  8910 | Orc:1    | Lost mutation: You tend to lose your temper in combat.
                  | [potion of mutation]
  8910 | Orc:1    | Lost mutation: You have large cloven feet. [potion of
                  | mutation]
  8910 | Orc:1    | Gained mutation: Your spells are a little harder to cast,
                  | but a little more powerful. [potion of mutation]
  8910 | Orc:1    | Gained mutation: You tend to lose your temper in combat.
                  | [potion of mutation]
  8910 | Orc:1    | Gained mutation: Your muscles are strong. (Str +2) [potion
                  | of mutation]
  9146 | Orc:2    | Noticed an orc sorcerer
  9174 | Orc:2    | Paralysed by an orc sorcerer for 2 turns
  9182 | Orc:1    | Killed an orc sorcerer
  9437 | Orc:2    | Found Efrae's Armour Emporium.
  9445 | Orc:2    | Bought a +1 hat for 143 gold pieces
  9570 | Orc:2    | Noticed Nessos
  9594 | Orc:2    | Killed Nessos
  9692 | Orc:2    | Noticed Maurice
  9745 | Orc:2    | Noticed an orc knight
  9747 | Orc:2    | Noticed an orc warlord
  9748 | Orc:2    | Noticed an orc high priest
  9748 | Orc:2    | Noticed an orc high priest
  9939 | Orc:2    | Noticed a sixfirhy
  9959 | Orc:2    | Noticed a sixfirhy
  9959 | Orc:2    | Noticed a soul eater
 10119 | Orc:1    | Noticed an oklob plant
 10217 | Orc:1    | Killed an orc warlord
 10218 | Orc:1    | Reached skill level 5 in Transmutations
 10366 | Orc:2    | Killed an orc high priest
 10367 | Orc:2    | Reached skill level 15 in Unarmed Combat
 10377 | Orc:2    | Killed an orc knight
 10403 | Orc:2    | Killed an orc high priest
 10614 | Orc:2    | Found Loask's Antique Weapon Boutique.
 10620 | Orc:2    | Found Gypnymot's Antique Armour Shop.
 10625 | Orc:2    | Bought a shiny troll leather armour for 702 gold pieces
 10685 | Orc:2    | Noticed an orc high priest
 10785 | Orc:2    | Killed Maurice
 10786 | Orc:2    | Reached XP level 12. HP: 108/114 MP: 12/12
 10898 | Orc:2    | Found Delat's Assorted Antiques.
 11268 | Lair:1   | Entered Level 1 of the Lair of Beasts
 11339 | Lair:1   | Found a runed translucent door.
 11345 | Lair:1   | Found a shimmering altar of Xom.
 11345 | Lair:1   | Noticed sdfasdf239h's ghost (novice MiHu)
 11377 | Lair:1   | Killed sdfasdf239h's ghost
 11378 | Lair:1   | Reached skill level 16 in Unarmed Combat
 11412 | Lair:1   | Lost mutation: Your muscles are strong. (Str +2) [potion of
                  | mutation]
 11412 | Lair:1   | Lost mutation: You tend to lose your temper in combat.
                  | [potion of mutation]
 11412 | Lair:1   | Gained mutation: Your spells are harder to cast, but more
                  | powerful. [potion of mutation]
 11412 | Lair:1   | Gained mutation: You sometimes lose the ability to read
                  | scrolls when taking damage. [potion of mutation]
 11597 | Lair:1   | Reached skill level 1 in Evocations
 12088 | Lair:1   | Noticed Grum
 12095 | Lair:1   | Killed Grum
 12276 | Lair:2   | Found a hole to the Spider Nest.
 12596 | Lair:2   | Noticed a catoblepas
 12721 | Lair:2   | Killed a catoblepas
 12722 | Lair:2   | Reached XP level 13. HP: 98/130 MP: 13/13
 12939 | Lair:2   | Identified the +4 ring mail of the Orb Guardian {Harm}
 13157 | Lair:3   | Reached skill level 5 in Evocations
 13585 | Lair:3   | Learned a level 5 spell: Blade Hands
 14106 | Lair:4   | Found a basalt altar of Yredelemnul.
 14152 | Lair:4   | Found a staircase to the Swamp.
 14267 | Lair:4   | Reached skill level 17 in Unarmed Combat
 14586 | Lair:4   | HP: 5/132 [yak (14)]
 15207 | Lair:5   | Found a staircase to the Slime Pits.
 15208 | Lair:5   | Found a viscous altar of Jiyva.
 15217 | Lair:5   | Fell from the grace of Ignis
 15217 | Lair:5   | Became a worshipper of Jiyva Jaiteoll the Shapeless
 15318 | Lair:5   | You fall into a shaft and drop 1 floor!
 15318 | Lair:6   | Entered Level 6 of the Lair of Beasts
 15331 | Lair:5   | Reached skill level 10 in Fighting
 15427 | Lair:5   | Reached * piety under Jiyva
 15560 | Lair:5   | Reached XP level 14. HP: 132/143 MP: 14/14
 15963 | Lair:5   | You fall into a shaft and drop 1 floor!
 16118 | Slime:1  | Entered Level 1 of the Pits of Slime
 16153 | Slime:1  | Noticed an azure jelly
 16159 | Slime:1  | Noticed an azure jelly
 16250 | Slime:5  | Entered Level 5 of the Pits of Slime
 16270 | Slime:5  | Noticed an acid blob
 16281 | Slime:5  | Noticed an acid blob
 16282 | Slime:5  | Noticed an acid blob
 16285 | Slime:5  | Noticed a rockslime
 16300 | Slime:5  | Noticed an acid blob
 16300 | Slime:5  | Noticed an acid blob
 16334 | Slime:5  | Noticed an acid blob
 16343 | Slime:5  | Noticed an acid blob
 16346 | Slime:5  | Noticed an acid blob
 16365 | Slime:5  | Found a viscous altar of Jiyva.
 16374 | Slime:5  | Noticed an acid blob
 16380 | Slime:5  | Noticed a rockslime
 16381 | Slime:5  | Noticed an acid blob
 16420 | Slime:5  | Noticed an acid blob
 16424 | Slime:5  | Noticed the Royal Jelly
 16585 | Slime:2  | Noticed a quicksilver ooze
 16585 | Slime:2  | Noticed a rockslime
 16585 | Slime:2  | Noticed an acid blob
 16585 | Slime:2  | Noticed an azure jelly
 16585 | Slime:2  | Noticed an acid blob
 16585 | Slime:2  | Noticed an acid blob
 16585 | Slime:2  | Noticed a rockslime
 16589 | Slime:1  | Noticed a quicksilver ooze
 16802 | Swamp:1  | Entered Level 1 of the Swamp
 16979 | Lair:4   | HP: 4/144 [eight-headed hydra[a spriggan druid] (6)]
 16979 | Lair:4   | Mangled by an eight-headed hydra

Illustrated notes

Levels and vault maps discovered:
D:1:      dpeg_arrival_tiny_d, layout_loops_ring, minmay_crystal_room
D:2:      layout_basic, minmay_diced_spiral
D:3:      minmay_diamond_boxcup, layout_basic,
          hellmonk_ecumenical_altar_pennies_from_heaven, serial_park_tiny_2,
          uniq_crazy_yiuf_cottage
D:4:      layout_loops_ring, uniq_ijyb
D:5:      layout_cave_pools, ebering_ghost_disaster_area, uniq_edmund,
          uniq_eustachio, uniq_prince_ribbit1, uniq_sigmund
D:6:      layout_loops_ring, serial_shops, shop, roderic_three_in_a_row,
          uniq_duvessa
D:7:      layout_cave_pools, temple_fountains,
          gammafunk_ghost_berserking_beasts, minmay_misc_feat_iff,
          minmay_curled_crystal
D:8:      layout_loops_ring, david_lair_generic, kennysheep_just_a_vault,
          uniq_erica
D:9:      minmay_spotlight, layout_rooms, mainiacjoe_overflow_divided_tiny,
          serial_co_window_serial, co_window_corner_a, co_window_paths_a,
          co_window_paths_a, co_window_of_opportunity_a, co_window_corner_a,
          co_window_paths_a, co_window_corner_a, co_window_of_opportunity_c,
          co_window_broadway_c, co_window_broadway_c, co_window_cross_3,
          co_window_4corner_b
Temple:   mainiacjoe_temple_big_plus
Lair:1:   layout_regular_city, ebering_ghost_xom, uniq_grum
Lair:2:   layout_roguey, nicolae_spider_entry_tight_spaces, serial_bayou_ford_a,
          gammafunk_lair_bear_cave
Lair:3:   layout_roguey, grunt_megastairs_3, infiniplex_staircase_pool
Lair:4:   layout_hall_layers, swamp_mist_pool, basic_altar, serial_bayou_shore_b
Lair:5:   layout_regular_city, slime_altar_1, minmay_shattered_shrine,
          serial_bayou_shore_a, lemuel_fruit_tree
Lair:6:   minmay_lair_end_frog_pond, layout_regular_city
Swamp:1:  nicolae_swamp_wrong_neighborhood, layout_basic_swamp,
          evilmike_swamp_ruin_house_3
Slime:1:  layout_caves, cheibrodos_slime_lost_civilization_6
Slime:2:  layout_caves
Slime:3:  layout_caves
Slime:4:  layout_caves
Slime:5
Orc:1:    layout_caves, mines3_lemuel
Orc:2:    grunt_orc_community_town_hall, layout_diamond_mine,
          grunt_orc_community_big_house_1, grunt_orc_community_big_house_2,
          grunt_orc_community_house_3, grunt_orc_community_house_3,
          grunt_orc_community_house_1, grunt_orc_community_house_1,
          grunt_orc_community_house_2, grunt_orc_community_house_1,
          nicolae_shop_overcharged_wands, uniq_maurice, uniq_nessos

Skill      XL: |  1  2  3  4  5  6  7  8  9 10 11 12 13 14 |
---------------+-------------------------------------------+-----
Unarmed Combat | 4 5 7 8 10 12 14 15 16 17 | 17.5
Fighting       | 3 4 5 6 7 8 10 | 10.3
Dodging        | 2 4 |  4.8
Transmutations | 5 6 7 |  7.3
Evocations     | 4 6 |  6.5
Spellcasting   | |  1.0
Fire Magic     | |  2.1

Action                   |  1- 3 |  4- 6 |  7- 9 | 10-12 | 13-15 || total
-------------------------+-------+-------+-------+-------+-------++-------
Melee: Unarmed           |    90 |   135 |   213 |   576 |   345 ||  1359
       Punch             |       |     3 |    10 |    44 |    35 ||    92
Throw: Throwing net      |       |       |       |       |     1 ||     1
 Cast: Foxfire           |     2 |     1 |       |       |       ||     3
       Wereblood         |       |       |       |     5 |       ||     5
Invok: Fiery Armour      |       |     2 |     2 |     3 |       ||     7
       Foxfire Swarm     |       |     1 |     1 |       |       ||     2
Evoke: Wand              |       |       |     9 |    17 |    17 ||    43
       Phantom mirror    |       |       |       |       |     1 ||     1
  Use: Scroll            |       |     3 |     4 |     6 |    10 ||    23
       Potion            |       |       |     2 |     5 |     6 ||    13
Armor: Robe              |    29 |    34 |    41 |    20 |       ||   124
       Troll leather arm |       |       |       |   139 |   109 ||   248
       Skin              |       |       |       |     2 |       ||     2
Dodge: Dodged            |    34 |    59 |   109 |   286 |   155 ||   643

Table legend: (Time is in decaauts)
 A = Elapsed time spent in this place.
 B = Non-inter-level travel time spent in this place.
 C = Inter-level travel time spent in this place.
 D = Time resting spent in this place.
 E = Time spent auto-exploring this place.
 F = Levels seen in this place.
 G = Mean time per level.
                   A        B        C        D        E       F      G
               +--------+--------+--------+--------+--------+-----+--------+
         Total |  16862 |  15623 |   1239 |   1320 |  10052 |  24 |  702.6 |
       Dungeon |   8548 |   8012 |    536 |    611 |   5549 |   9 |  949.8 |
        Temple |     74 |     74 |      0 |     61 |      0 |   1 |   74.0 |
          Lair |   5040 |   4686 |    354 |    217 |   3177 |   6 |  840.0 |
         Swamp |     48 |     48 |      0 |      0 |      8 |   1 |   48.0 |
    Slime Pits |    517 |    445 |     72 |      0 |    319 |   5 |  103.4 |
  Orcish Mines |   2634 |   2357 |    277 |    430 |    998 |   2 | 1317.0 |
               +--------+--------+--------+--------+--------+-----+--------+

Top non-repeatable levels by time:
   Orc:2: 1563 daAuts
     D:4: 1215 daAuts
     D:9: 1125 daAuts
  Lair:5: 1107 daAuts
  Lair:4: 1106 daAuts
     D:7: 1084 daAuts
   Orc:1: 1070 daAuts
  Lair:2: 1013 daAuts
  Lair:1: 955 daAuts
     D:2: 949 daAuts
     D:3: 932 daAuts
     D:5: 928 daAuts
     D:8: 842 daAuts
     D:6: 812 daAuts
  Lair:3: 765 daAuts
